AoeStats
← Ux'RaúlME

Arabia

507410701Analyzed
1v1 RM · 15d ago on Sep 18, 2026· 22m 35s· 2 players
Game mode
Random Map
Map size
Tiny (2 player)
Population
200
Speed
Normal
Resources
Standard
Victory
Conquest
Starting age
Dark Age
Ending age
Imperial Age
RankedLock teamsTeams togetherTeam positionsShared explorationLock speedFull tech treeHidden civsTurbo modeCheats
Victory
Defeat
🇦🇺 Celts · Australia
1292
+17
🇲🇽 Saracens · Mexico
1321
-17
Ryuk
6:21 Loom
9:08 Feudal Age
9:50 Man-at-Arms
13:07 Arson
16:16 Double-Bit Axe
20:03 Castle Age
19:46 Scale Mail Armor
20:19 Pikeman
Ux'RaúlME
9:35 Feudal Age
10:22 Loom
13:32 Castle Age
12:02 Double-Bit Axe
18:18 Bloodlines
22:13 Scale Barding Armor
Connection lost

Rejoining the realm…

Still unreachable

The connection could not be restored.

Session expired

The server has moved on; the page needs a fresh start.